 Dungeon Crawl Stone Soup version 0.19-a0-1490-g5dd3618 (webtiles) character file.

4939 Kidiri the Thaumaturge (level 10, -1/56 HPs)
             Began as a Deep Elf Fire Elementalist on Sept 8, 2016.
             Was a Follower of Vehumet.
             Slain by a wolf (7 damage)
             ... led by Grum
             ... on level 8 of the Dungeon.
             The game lasted 00:25:14 (10065 turns).

Kidiri the Thaumaturge (DEFE)                      Turns: 10065, Time: 00:25:14

Health: -1/56      AC:  7    Str:  5    XL:     10   Next: 28%
Magic:  11/25      EV: 15    Int: 26    God:    Vehumet [*.....]
Gold:   251        SH:  6    Dex: 15    Spells: 9 memorised, 4 levels left

rFire  + . .     SeeInvis .     f - +3 dagger
rCold  + + .     Gourm    .     A - +2 robe {rF+}
rNeg   . . .     Faith    .     x - +1 buckler
rPois  .         Spirit   .     (no helmet)
rElec  .         Dismiss  .     (no cloak)
rCorr  .         Reflect  .     (no gloves)
MR     ++...     Harm     .     k - +2 pair of boots
Stlth  ++........ Rnd*Rage +    (no amulet)
                                o - ring of protection from cold
                                t - ring of protection from magic

@: very slightly contaminated, hasted, repel missiles, very quick
A: berserk 1, clever 1, cold resistance 1
a: Renounce Religion


You were on level 8 of the Dungeon.
You worshipped Vehumet.
Vehumet was aware of your devotion.
You were hungry.

You visited 2 branches of the dungeon, and saw 9 of its levels.

You collected 341 gold pieces.
You spent 90 gold pieces at shops.

Inventory:

Hand Weapons
 f - a +3 dagger (weapon)
Armour
 k - a +2 pair of boots (worn)
 r - a +0 shield of protection
 x - a +1 buckler (worn)
 A - a +2 robe of fire resistance (worn)
Jewellery
 n - an uncursed ring of stealth
 o - a ring of protection from cold (right hand)
 t - a ring of protection from magic (left hand)
 u - an uncursed amulet of guardian spirit
 C - an uncursed ring of protection from fire
 E - an uncursed ring of flight
Wands
 h - a wand of lightning (0/15)
 B - a wand of iceblast (9/15)
 I - a wand of lightning (8/15)
Scrolls
 g - 4 scrolls of teleportation
 s - a scroll of amnesia
 y - 2 scrolls of remove curse
 F - 3 scrolls of fog
Potions
 d - a potion of lignification
 e - 2 potions of curing
 j - 2 potions of cure mutation
 l - 3 potions of flight
 m - 2 potions of agility
 p - 3 potions of might
 q - a potion of cancellation
 G - a potion of mutation {unknown}
 H - a potion of heal wounds {unknown}
Books
 a - a book of Party Tricks

   Spells                             Type                      Level
   a - Summon Butterflies             Summoning                    1
   b - Apportation                    Translocation                1
   c - Tukima's Dance                 Hexes                        3
   d - Alistair's Intoxication        Transmutation/Poison         5
   e - Invisibility                   Hexes                        6
 b - a book of Flames

   Spells                             Type                      Level
   a - Flame Tongue                   Conjuration/Fire             1
   b - Throw Flame                    Conjuration/Fire             2
   c - Conjure Flame                  Conjuration/Fire             3
   d - Inner Flame                    Hexes/Fire                   3
   e - Sticky Flame                   Conjuration/Fire             4
   f - Fireball                       Conjuration/Fire             5
 i - a book of Minor Magic

   Spells                             Type                      Level
   a - Magic Dart                     Conjuration                  1
   b - Blink                          Translocation                2
   c - Call Imp                       Summoning                    2
   d - Repel Missiles                 Charms/Air                   2
   e - Slow                           Hexes                        2
   f - Conjure Flame                  Conjuration/Fire             3
   g - Mephitic Cloud                 Conjuration/Poison/Air       3
Comestibles
 c - 10 bread rations
 w - 3 beef jerkies
 z - 8 slices of pizza


   Skills:
 + Level 3.1 Fighting
 + Level 3.8 Short Blades
 + Level 3.8 Throwing
 + Level 2.7 Armour
 + Level 5.6 Dodging
 - Level 2.4 Stealth
 + Level 3.1 Shields
 * Level 9.6 Spellcasting
 + Level 6.0 Conjurations
 + Level 6.6 Fire Magic
 + Level 2.8 Air Magic
 + Level 3.2 Poison Magic
 + Level 2.1 Evocations


You had 4 spell levels left.
You knew the following spells:

 Your Spells              Type           Power        Failure   Level  Hunger
a - Flame Tongue          Conj/Fire      #####        1%          1    None
b - Throw Flame           Conj/Fire      #####.       1%          2    None
c - Conjure Flame         Conj/Fire      #####...     1%          3    None
d - Inner Flame           Hex/Fire       ####....     4%          3    None
e - Sticky Flame          Conj/Fire      #####...     4%          4    None
f - Fireball              Conj/Fire      #####.....   12%         5    ####...
g - Repel Missiles        Chrm/Air       ###...       6%          2    None
h - Mephitic Cloud        Conj/Pois/Air  ####....     3%          3    None
i - Sting                 Conj/Pois      ####         1%          1    None


Dungeon Overview and Level Annotations

Branches:
Dungeon (8/15)             Temple (1/1) D:7
   Lair: D:8-11

Altars:
Ashenzari
Cheibriados
Dithmenos
Elyvilon
Fedhas
Gozag
Hepliaklqana
Kikubaaqudgha
Makhleb
Nemelex Xobeh
Okawaru
Qazlal
Ru
Sif Muna
Trog
Uskayaw
Vehumet
Xom
Yredelemnul
Zin

Annotations:
D:8 Grum


Innate Abilities, Weirdness & Mutations

You tend to lose your temper in combat.
Your mind is acute. (Int +2)
Your flesh is cold resistant. (rC+)


Message History

Your Conjurations skill increases to level 6!
You block the wolf's attack. x2; The wolf bites you but does no damage.
Unknown command.
The wolf bites you. The wolf bites you but does no damage. The wolf bites you!
* * * LOW HITPOINT WARNING * * *
The wolf bites you but does no damage.
Unknown command.
You feel better. The wolf bites you. You block the wolf's attack.
Grum closely misses you. The wolf bites you!
* * * LOW HITPOINT WARNING * * *
The wolf closely misses you.
You feel yourself speed up. Grum hits you from afar with a spear.
* * * LOW HITPOINT WARNING * * *
The wolf bites you but does no damage. x2
You are very lightly contaminated with residual magic.
Unknown command.
The wolf bites you but does no damage. The wolf bites you!
You die...

##.........##..........
......††..+..≈.≈.≈.≈.≈
##...##...##........[. ..
#...........≈.≈.≈.≈.≈ ...
##....................
...<+............≈.≈.≈.≈.≈
....###...g######.........
#..........hh###...≈.≈.≈.≈.≈
..###....#..@##.............
.............##....≈.≈.≈.≈.≈
............................
..............#...≈.≈.≈.≈.≈
###..........#....).......
####..........#.....≈.≈.≈.≈
#................#+##..##..
....##....###.........#
......
...>......###.........#
.....


You could see Grum and 2 wolves.

Vanquished Creatures
  Pikel (D:8)
  Sigmund (D:6)
  A shadow (D:7)
  2 yaks (D:7)
  2 hogs (D:7)
  A human (D:7)
  A water moccasin (D:6)
  3 orc warriors
  A sky beast (D:8)
  2 ice beasts
  2 slaves (D:8)
  3 phantoms
  2 wolves (D:8)
  3 ogres
  2 centaurs
  A giant frog (D:6)
  4 scorpions
  6 killer bees (D:4)
  10 wights
  A howler monkey (D:4)
  A centaur zombie (D:5)
  3 crimson imps
  2 giant frog skeletons
  2 hounds
  4 orc priests (D:7)
  2 centaur skeletons (D:4)
  Natasha (thrice) (D:3)
  3 iguanas
  4 orc wizards
  6 worker ants
  A hound skeleton (D:4)
  7 adders
  2 oozes
  An adder skeleton (D:6)
  4 worms
  3 dart slugs
  4 giant geckos
  19 orcs
  9 giant cockroaches
  7 goblins
  4 hobgoblins
  3 quokkas
  6 bats
  9 giant newts
  A jackal skeleton (D:4)
  7 kobolds
  6 rats
172 creatures vanquished.

Vanquished Creatures (others)
  A slave (D:8)
  2 orc wizards (D:8)
  An adder (D:8)
  2 orcs (D:8)
6 creatures vanquished.

Grand Total: 178 creatures vanquished

Notes
Turn   | Place    | Note
-------+----------+-------------------------------------------
     0 | D:1      | Kidiri the Deep Elf Fire Elementalist began the quest for the Orb.
     0 | D:1      | Reached XP level 1. HP: 10/10 MP: 6/6
   441 | D:1      | Reached XP level 2. HP: 15/15 MP: 6/8
   589 | D:1      | Learned a level 2 spell: Throw Flame
  1282 | D:2      | Reached XP level 3. HP: 18/19 MP: 8/10
  1287 | D:2      | Learned a level 3 spell: Conjure Flame
  1291 | D:2      | Learned a level 3 spell: Inner Flame
  1303 | D:2      | Reached skill level 4 in Spellcasting
  2066 | D:3      | Reached XP level 4. HP: 23/24 MP: 1/12
  2233 | D:3      | Found a snail-covered altar of Cheibriados.
  2338 | D:3      | Noticed Natasha
  2353 | D:3      | Killed Natasha
  2418 | D:3      | Found an opulent altar of Gozag.
  2460 | D:3      | Reached skill level 5 in Spellcasting
  2521 | D:3      | Noticed Natasha
  2706 | D:3      | Killed Natasha
  2706 | D:3      | Reached XP level 5. HP: 22/28 MP: 5/14
  2712 | D:3      | Learned a level 4 spell: Sticky Flame
  2761 | D:3      | Noticed Natasha
  2762 | D:3      | Killed Natasha
  3218 | D:4      | Reached skill level 6 in Spellcasting
  3218 | D:4      | Reached XP level 6. HP: 32/32 MP: 4/17
  3425 | D:4      | Found a shattered altar of Ashenzari.
  3591 | D:4      | Learned a level 5 spell: Fireball
  3858 | D:4      | Reached skill level 1 in Throwing
  3858 | D:4      | Reached XP level 7. HP: 37/37 MP: 8/19
  3858 | D:4      | Reached skill level 1 in Fighting
  3881 | D:4      | Reached skill level 1 in Shields
  4160 | D:4      | Reached skill level 1 in Armour
  4447 | D:4      | Reached skill level 7 in Spellcasting
  4447 | D:4      | Reached skill level 5 in Fire Magic
  4503 | D:4      | Reached skill level 1 in Short Blades
  4780 | D:5      | Entered Level 5 of the Dungeon
  4848 | D:5      | Found Zin's Purification Station.
  4850 | D:5      | Found a glowing silver altar of Zin.
  4856 | D:5      | Bought a potion of curing for 90 gold pieces
  4871 | D:5      | Found an iron altar of Okawaru.
  4906 | D:5      | Found a shimmering altar of Xom.
  5222 | D:5      | Got a warped jade ring
  5224 | D:5      | Identified the cursed ring "Waav" {rElec rPois rF+ Int-5} (You found it on level 5 of the Dungeon)
  5296 | D:5      | Reached XP level 8. HP: 39/43 MP: 13/21
  5861 | D:6      | Learned a level 2 spell: Repel Missiles
  5908 | D:6      | Noticed Sigmund
  6311 | D:6      | Killed Sigmund
  6311 | D:6      | Reached skill level 8 in Spellcasting
  6311 | D:6      | Reached skill level 1 in Air Magic
  6462 | D:6      | Learned a level 3 spell: Mephitic Cloud
  6540 | D:6      | Reached skill level 5 in Conjurations
  6581 | D:6      | Reached skill level 1 in Poison Magic
  6837 | D:6      | Found a white marble altar of Elyvilon.
  6837 | D:6      | Found a bloodstained altar of Trog.
  6838 | D:6      | Found a shadowy altar of Dithmenos.
  6963 | D:6      | Found a hazy altar of Hepliaklqana.
  7242 | D:6      | Reached XP level 9. HP: 48/48 MP: 7/23
  8267 | D:7      | Found a staircase to the Ecumenical Temple.
  8312 | Temple   | Entered the Ecumenical Temple
  8537 | Temple   | Became a worshipper of Vehumet
  8599 | D:7      | Reached skill level 5 in Dodging
  8599 | D:7      | Reached skill level 1 in Evocations
  8603 | D:7      | Reached skill level 9 in Spellcasting
  9682 | D:7      | Reached XP level 10. HP: 55/55 MP: 14/25
  9738 | D:8      | Noticed Pikel
  9747 | D:8      | Killed Pikel
  9800 | D:8      | Reached * piety under Vehumet
  9800 | D:8      | Offered knowledge of Sting by Vehumet.
  9803 | D:8      | Learned a level 1 spell: Sting
  9920 | D:8      | Gained mutation: You tend to lose your temper in combat. [mutagenic meat]
  9923 | D:8      | Gained mutation: Your muscles are strong. (Str +2) [mutagenic meat]
  9926 | D:8      | Lost mutation: Your muscles are strong. (Str +2) [mutagenic meat]
  9929 | D:8      | Gained mutation: Your mind is acute. (Int +2) [mutagenic meat]
  9932 | D:8      | Gained mutation: Your flesh is cold resistant. (rC+) [mutagenic meat]
 10051 | D:8      | Noticed Grum
 10065 | D:8      | Slain by a wolf

Vault maps used:
D:1:      dpeg_arrival_chambers_temple_mockup
D:3:      lemuel_doored_altar, first_bread, kennysheep_slug_shrine, uniq_natasha
D:4:      ashenzari_altar_1
D:5:      kennysheep_little_box, zin_purify, nicolae_overflow_crystal_walls
D:6:      old_standard_altar, gammafunk_temple_overflow_claw,
          minmay_misc_feat_x, uniq_sigmund
D:7:      grunt_livestock
D:8:      nicolae_tso_besieged_by_evil, kennysheep_crisscross, uniq_grum,
          uniq_pikel
Temple:   minmay_temple_curvy_loop

Skill      XL: |  1  2  3  4  5  6  7  8  9 10 |
---------------+-------------------------------+-----
Conjurations   | 2 3 4 5 6 |  6.0
Spellcasting   | 4 5 6 7 8 9 |  9.6
Fire Magic     | 4 5 6 |  6.6
Throwing       | 1 2 3 |  3.8
Dodging        | 3 4 5 |  5.6
Fighting       | 1 2 3 |  3.1
Shields        | 1 2 3 |  3.1
Armour         | 1 2 |  2.7
Short Blades   | 1 2 3 |  3.8
Air Magic      | 1 2 |  2.8
Poison Magic   | 1 3 |  3.2
Evocations     | 1 2 |  2.1
Stealth        | |  2.4

Action                   |  1- 3 |  4- 6 |  7- 9 | 10-12 || total
-------------------------+-------+-------+-------+-------++-------
Melee: Dagger            |     7 |     1 |    57 |    31 ||    96
       Scimitar          |     6 |    10 |       |       ||    16
 Cast: Flame Tongue      |    74 |    67 |   149 |    25 ||   315
       Throw Flame       |     3 |    20 |    26 |     2 ||    51
       Sticky Flame      |       |     1 |    19 |     4 ||    24
       Conjure Flame     |       |     1 |     5 |       ||     6
       Inner Flame       |       |     1 |     4 |       ||     5
       Repel Missiles    |       |       |     1 |       ||     1
       Fireball          |       |       |     7 |     3 ||    10
Evoke: Wand              |       |     1 |     2 |       ||     3
  Use: Scroll            |     6 |     8 |     9 |       ||    23
       Potion            |       |       |       |     2 ||     2
 Stab: Sleeping          |     2 |       |     2 |       ||     4
  Eat: Chunk             |     3 |     5 |     9 |     6 ||    23
       Fruit             |       |       |     4 |       ||     4
       Meat ration       |       |       |     2 |       ||     2
Armor: Robe              |    12 |    10 |    25 |    10 ||    57
Dodge: Dodged            |    29 |    32 |    75 |    23 ||   159
Block: Buckler           |       |       |    21 |     7 ||    28
